 Dungeon Crawl Stone Soup version 0.26.1-2-gb8aa6d0cf2 (webtiles) character file.

Game seed: 17142065364214255396

4220 Gauvater the Skirmisher (level 10, -18/81 (89) HPs)
             Began as a Palentonga Fighter on Feb 11, 2021.
             Was a Priest of Wu Jian.
             Killed from afar by an orc sorcerer (20 damage)
             ... with a bolt of negative energy
             ... in a bailey.
             The game lasted 00:49:56 (13171 turns).

Gauvater the Skirmisher (Palentonga Fighter)       Turns: 13171, Time: 00:49:57

HP:   -18/81 (89)   AC: 17    Str: 22    XL:     10   Next: 9%
MP:   10/10         EV:  8    Int: 10    God:    Wu Jian [***...]
Gold: 360           SH: 12    Dex:  9    Spells: 9/9 levels left

rFire    + . .     SeeInvis +   s - +0 rapier (curse)
rCold    . . .     Faith    .   c - +2 kite shield
rNeg     . . .     Spirit   .   H - +2 ring mail {rF+}
rPois    .         Reflect  .   y - +0 hat
rElec    .         Harm     .   (no cloak)
rCorr    .         Rampage  .   O - +1 pair of gloves
Will     +....                  (no barding)
Stlth    ..........             i - amulet of magic regeneration
HPRegen  0.23/turn              C - ring of attention (curse)
MPRegen  0.37/turn              D - ring of stealth

@: very slightly contaminated, drained, invisible, curled up
A: large, stinger 1, rugged brown scales 3, see invisible, deformed body,
strong-willed 1, roll 1, armoured tail, reflexive curl
a: Rolling Charge, Renounce Religion, Wall Jump, Serpent's Lash


You were in a bailey.
You worshipped Wu Jian.
Wu Jian was most pleased with you.
You visited 2 branches of the dungeon, and saw 10 of its levels.
You also visited: Bailey.

You collected 456 gold pieces.
You spent 96 gold pieces at shops.

Inventory:

Hand Weapons
 a - a +0 war axe
 g - a +3 long sword
 m - a +3 flail
 s - a cursed +0 rapier (weapon)
 w - a +1 dagger of draining
 N - a +3 scimitar of flaming
Missiles
 h - 331 stones
 F - 36 poisoned darts
 G - 6 javelins
 I - 14 boomerangs
Armour
 b - +0 acid dragon scales
 c - a +2 kite shield (worn)
 y - a +0 hat (worn)
 H - a +2 ring mail of fire resistance (worn)
 O - a +1 pair of gloves (worn)
Jewellery
 i - an amulet of magic regeneration (around neck)
 o - an uncursed ring of willpower
 C - a cursed ring of attention (left hand)
 D - a ring of stealth (right hand)
Wands
 B - a wand of flame (20)
Scrolls
 f - 3 scrolls of magic mapping
 j - 2 scrolls of teleportation
 n - a scroll of enchant weapon
 t - 5 scrolls of fog
 v - 2 scrolls of immolation
 K - a scroll of torment {unknown}
 L - a scroll of blinking {unknown}
Potions
 l - a potion of heal wounds
 p - 9 potions of curing
 q - 2 potions of magic
 x - a potion of degeneration {unknown}
 A - a potion of resistance {unknown}


   Skills:
 * Level 6.5 Fighting
 + Level 6.3 Short Blades
 + Level 6.0 Axes
 + Level 5.4 Armour
 + Level 2.8 Dodging
 - Level 0.2 Stealth
 + Level 5.3 Shields
 * Level 4.3 Evocations


You had 9 spell levels left.
You didn't know any spells.
Your spell library contained the following spells:

 Spells                   Type           Power        Failure   Level
 Summon Small Mammal      Summ           0%           78%         1
 Call Imp                 Summ           0%           89%         2
 Call Canine Familiar     Summ           0%           98%         3
 Summon Guardian Golem    Hex/Summ       0%           98%         3
 Summon Ice Beast         Ice/Summ       0%           100%        4
 Summon Lightning Spire   Summ/Air       0%           100%        4


Dungeon Overview and Level Annotations

Branches:
Dungeon (9/15)             Temple (1/1) D:4             Orc (0/2) D:9
 Bailey (1/1)
   Lair: D:8-11

Altars:
Ashenzari
Cheibriados
Elyvilon
Gozag
Hepliaklqana
Kikubaaqudgha
Makhleb
Nemelex Xobeh
Ru
Trog
Uskayaw
Wu Jian
Xom
Yredelemnul
Zin
The Shining One

Shops:
D:4 !   D:8 [


Innate Abilities, Weirdness & Mutations

You are completely covered in rugged brown scales. (AC +3, +7% HP)
You have supernaturally acute eyesight. (SInv)
Armour fits poorly on your strangely shaped body.
You can roll at nearby foes to attack.
You have a long armoured tail.
You curl defensively after being hit.
Your tail ends in a poisonous barb.
You are strong-willed. (Will+)


Message History

You repeatedly attack the orc sorcerer from above.
You closely miss the orc sorcerer.
You tail-slap the orc sorcerer, but do no damage.
The orc sorcerer is severely wounded.
You hit the orc sorcerer.
Your tail-slap misses the orc sorcerer.
The orc sorcerer is almost dead.
You repeatedly attack the rust devil from above.
You hit the rust devil but do no damage.
You closely miss the rust devil.
You repeatedly attack the hellwing from above.
You hit the hellwing but do no damage. You closely miss the hellwing.
The orc sorcerer points at you and mumbles some strange words.
The bolt of negative energy hits you!!
You feel drained.
* * * LOW HITPOINT WARNING * * *
The hellwing barely misses you.
The hellwing hits you but does no damage.
The rust devil closely misses you. The orc sorcerer casts a spell at you.
The bolt of negative energy hits you!!
You feel drained.
You die...

≈≈≈≈≈≈≈...≈≈≈≈≈≈≈
≈≈≈≈≈≈≈...≈≈≈≈≈≈≈
≈≈≈.........≈≈≈≈
####.......#####
#.......#
#.......#
#...∩)..#
#...o4○.#
###.4@### #.○○#
#####


You could see a hellwing (summoned), a rust devil (summoned) and an orc sorcerer
(poisoned).

Vanquished Creatures
  Erica (D:8)
  An unseen horror (D:7)
  An acid dragon (D:8)
  A water moccasin (D:6)
  2 sky beasts
  A necrophage (D:8)
  An ice beast (D:5)
  4 orc warriors
  3 centaurs (D:8)
  2 bullfrogs (D:7)
  A big kobold (D:8)
  2 scorpions
  4 wights (D:8)
  A howler monkey (D:6)
  2 hounds
  A bullfrog zombie (D:6)
  2 centaur skeletons
  5 orc priests
  A jelly (D:8)
  2 bullfrog skeletons (D:4)
  8 orc wizards
  3 iguanas
  9 worker ants
  A hell rat (D:8)
  A worker ant zombie (D:3)
  5 adders
  4 gnolls
  11 river rats (D:8)
  2 shadow imps
  2 white imps (D:5)
  2 ufetubi
  An ooze (D:1)
  3 dart slugs
  4 leopard geckos
  32 orcs
  2 ball pythons
  5 giant cockroaches
  11 goblins
  3 hobgoblins
  14 jackals
  9 kobolds
  13 quokkas
  8 bats
  4 frilled lizards
  A jackal zombie (D:7)
  3 leopard gecko skeletons (D:4)
  A leopard gecko zombie (D:5)
  A quokka skeleton (D:7)
  A quokka zombie (D:5)
  30 rats
232 creatures vanquished.

Vanquished Creatures (others)
  A sky beast (D:8)
  A gnoll (Bailey)
  A withered plant (D:6)
3 creatures vanquished.

Grand Total: 235 creatures vanquished

Notes
Turn   | Place    | Note
-------+----------+-------------------------------------------
     0 | D:1      | Gauvater the Palentonga Fighter began the quest for the
                  | Orb.
     0 | D:1      | Reached XP level 1. HP: 20/20 MP: 1/1
   423 | D:1      | Reached XP level 2. HP: 27/27 MP: 2/2
  1053 | D:2      | Found a white marble altar of Elyvilon.
  1122 | D:2      | Reached XP level 3. HP: 31/33 MP: 3/3
  1901 | D:2      | Reached XP level 4. HP: 39/40 MP: 4/4
  2859 | D:3      | Reached XP level 5. HP: 48/48 MP: 5/5
  3665 | D:4      | Reached skill level 1 in Dodging
  3726 | D:4      | Reached XP level 6. HP: 46/54 MP: 6/6
  4079 | D:4      | Found a staircase to the Ecumenical Temple.
  4088 | Temple   | Entered the Ecumenical Temple
  4138 | Temple   | Became a worshipper of the Wu Jian Council
  4232 | D:4      | Found Dexoh's Distillery.
  4249 | D:4      | Bought a potion of heal wounds for 60 gold pieces
  4249 | D:4      | Bought a potion of curing for 36 gold pieces
  4748 | D:5      | Entered Level 5 of the Dungeon
  4971 | D:5      | Gained mutation: You curl defensively after being hit.
                  | [Palentonga growth]
  4971 | D:5      | Reached XP level 7. HP: 32/60 MP: 7/7
  5284 | D:5      | Reached skill level 5 in Axes
  5872 | D:6      | Reached * piety under Wu Jian
  6134 | D:6      | Found a basalt altar of Yredelemnul.
  7121 | D:6      | Reached skill level 1 in Evocations
  7121 | D:6      | Reached XP level 8. HP: 66/70 MP: 8/8
  7155 | D:7      | Noticed an unseen horror
  7423 | D:6      | Reached skill level 1 in Short Blades
  7456 | D:7      | Killed an unseen horror
  7457 | D:7      | Reached skill level 5 in Fighting
  9232 | D:7      | Got a twisted robe
  9617 | D:7      | Reached XP level 9. HP: 70/79 MP: 9/9
 10006 | D:8      | Noticed Erica
 10027 | D:8      | Killed Erica
 10028 | D:8      | Reached skill level 5 in Armour
 10074 | D:8      | Reached skill level 5 in Short Blades
 10441 | D:8      | Reached skill level 5 in Shields
 10704 | D:8      | Found Reuf's Antique Armour Boutique.
 10913 | D:7      | Gained mutation: You are strong-willed. (Will+) [potion of
                  | mutation]
 10913 | D:7      | Gained mutation: Your tail ends in a poisonous barb.
                  | [potion of mutation]
 10996 | D:8      | Reached ** piety under Wu Jian
 12136 | D:8      | Reached XP level 10. HP: 21/89 MP: 10/10
 12675 | D:9      | Found a flagged portal.
 12685 | D:9      | Reached *** piety under Wu Jian
 12722 | Bailey   | Entered a bailey
 13124 | Bailey   | Found an iron altar of Okawaru.
 13124 | Bailey   | Noticed an orc sorcerer
 13124 | Bailey   | Noticed an orc high priest
 13147 | Bailey   | Noticed a rust devil
 13168 | Bailey   | Noticed a rust devil
 13171 | Bailey   | HP: 2/85 [orc sorcerer/bolt of negative energy (25)]
 13171 | Bailey   | Killed from afar by an orc sorcerer

Illustrated notes

Levels and vault maps discovered:
D:1:      lemuel_arrival_behind_the_door_small, layout_loops_cross,
          hangedman_decor_points
D:2:      layout_basic, elyvilon_altar_3
D:3:      layout_rooms
D:4:      layout_rooms, lemuel_temple_firewalk_a, serial_shops,
          nicolae_shop_statue_plus, wad_floor_pattern_untrapped,
          chequers_serial_rivers_small_3, palyth_stone_intersect, chequers_jeans
D:5:      layout_basic
D:6:      layout_loops_ring, yredelemnul_altar_generic
D:7:      layout_cave_pools, serial_column_ruins, column_ruins_hut,
          column_ruins_hut_ruined, column_ruins_grid_1, column_ruins_open_tiny,
          column_ruins_grid_4, column_ruins_columns_T
D:8:      lemuel_ratsnest, layout_basic, serial_shops, nicolae_shop_waterfront,
          uniq_erica
D:9:      layout_layer_cave, hiddenorc1_lemuel, enter_bailey_5, uniq_joseph
Temple:   regret_index_temple_sigil_plot
Bailey:   bailey_axe_of_yendor_kennysheep, bailey

Skill      XL: |  1  2  3  4  5  6  7  8  9 |
---------------+----------------------------+-----
Armour         | 3 4 5 |  5.4
Axes           | 3 4 6 |  6.0
Shields        | 3 4 5 |  5.3
Dodging        | 1 2 |  2.8
Fighting       | 4 5 6 |  6.5
Evocations     | 1 2 4 |  4.3
Short Blades   | 3 6 |  6.3
Stealth        | |  0.2

Action                   |  1- 3 |  4- 6 |  7- 9 | 10-12 || total
-------------------------+-------+-------+-------+-------++-------
Melee: War axe           |   125 |   189 |    76 |       ||   390
       Tailslap          |     9 |    17 |    90 |    11 ||   127
       Dagger            |       |     4 |       |       ||     4
       Rapier            |       |       |   600 |   131 ||   731
Invok: Lunge             |       |     1 |     9 |     2 ||    12
       Whirlwind         |       |       |    47 |    14 ||    61
 Abil: Rolling Charge    |    22 |    23 |    49 |     4 ||    98
       Wall Jump         |       |       |       |    20 ||    20
  Use: Scroll            |       |     4 |    10 |     3 ||    17
       Potion            |       |       |     5 |     4 ||     9
 Stab: Invisible         |       |       |       |     3 ||     3
Armor: Scale mail        |    69 |   112 |   124 |       ||   305
       Ring mail         |       |       |    86 |    43 ||   129
Dodge: Dodged            |    23 |    55 |   181 |    25 ||   284
Block: Kite shield       |    53 |   124 |   343 |    55 ||   575
